 Dungeon Crawl Stone Soup version 0.31-a0-358-gac0dbeb3ab (webtiles) character file.

Game seed: 11766045419164605992

637 Gargoyl the Trooper (level 7, -5/5 HPs)
             Began as a Gargoyle Berserker on July 26, 2023.
             Was a Believer of Trog.
             Slain by an iguana (6 damage)
             ... on level 5 of the Dungeon.
             The game lasted 00:05:52 (4096 turns).

Gargoyl the Trooper (Gargoyle Berserker)            Turns: 4096, Time: 00:05:52

Health: -5/5       AC:  6    Str: 20    XL:     7   Next: 50%
Magic:  7/7        EV: 11    Int:  8    God:    Trog [**....]
Gold:   241        SH:  0    Dex: 11    Spells: 6/6 levels left

rFire   + . .        l - melded +4 quarterstaff (chaos)
rCold   . . .        (shield currently unavailable)
rNeg    + . .        k - +0 ring mail
rPois   ∞            (no helmet)
rElec   +            (no cloak)
rCorr   .            (gloves currently unavailable)
SInv    .            h - +0 pair of boots
Will    +....        (no amulet)
Stlth   +            i - ring of protection from fire
HPRegen 0.20/turn    (no ring)
MPRegen 0.10/turn

%: no passive effects
@: blade hands
A: reduced hp, sickness immunity, AC +4, negative energy resistance 1,
electricity resistance, torment resistance 1, petrification resistance, fangs 1,
strong-willed 1, subdued magic 1
a: Begin Untransformation, Renounce Religion, Berserk, Trog's Hand


You were on level 5 of the Dungeon.
You worshipped Trog.
Trog was pleased with you.
You had blades for hands.
You visited 1 branch of the dungeon, and saw 5 of its levels.

You collected 241 gold pieces.

Inventory:

Hand Weapons
 a - a +1 hand axe
 l - a +4 quarterstaff of chaos (melded)
 o - a +1 war axe
Missiles
 n - 10 poisoned darts (quivered)
Armour
 h - a +0 pair of boots (worn)
 k - a +0 ring mail (worn)
Jewellery
 i - a ring of protection from fire (left blade hand)
 p - a ring of protection from cold
Talismans
 c - a beast talisman
 m - a blade talisman
Scrolls
 d - 4 scrolls of revelation
Potions
 b - a potion of mutation
 e - 3 potions of attraction {unknown}
 f - a potion of cancellation {unknown}
 g - a potion of lignification {unknown}
 j - 2 potions of heal wounds {unknown}
 r - a potion of berserk rage {unknown}


   Skills:
 + Level 4.9 Fighting
 + Level 4.5 Axes
 + Level 3.8 Staves
 + Level 3.2 Armour
 + Level 2.9 Dodging
 + Level 1.3 Stealth
 + Level 0.2 Shapeshifting


You had 6 spell levels left.
You didn't know any spells.
Your spell library was empty.

Dungeon Overview and Level Annotations

Branches:
Dungeon (5/15)             Temple (0/1) D:4

Altars:
Ashenzari
Makhleb
Vehumet
Zin

Shops:
D:1 !   D:2 =*=


Innate Abilities, Weirdness & Mutations

You have blades for hands.
Your maximum health is decreased, since you lack skill for your form.
Your spellcasting is less reliable in this form.
You are incapable of wielding weapons or throwing items.
You are immune to sickness and miasma.
Your stone body is resilient. (AC +4)
You are immune to poison.
You resist negative energy. (rN+)
You are resistant to electric shocks. (rElec)
You are resistant to unholy torment.
You are immune to petrification.
You have very sharp teeth.
You are strong-willed. (Will+)
Your spells are a little easier to cast, but a little less powerful.


Message History

You thump the iguana!
You kill the iguana!
Trog accepts your kill.
You now have 229 gold pieces (gained 12).
You see here a blade talisman.
You see here a blade talisman.
m - a blade talisman
There is a broken altar of Ashenzari here.
As you open the door, it creaks loudly!
There is an open door here.
Okay, then.
Okay, then.
You begin transforming.
You continue transforming. x3
Your hands turn into razor-sharp scythe blades.
Your +4 quarterstaff of chaos melds into your body.
HP restored.
There is an open door here.
You now have 241 gold pieces (gained 12).
You open the door.
There is an open door here.
There is an open door here.
Found a scale mail.
You see here a +0 scale mail.
An iguana comes into view.
The iguana hisses angrily.
The iguana moves out of view.
The iguana barely misses you.
You hit the iguana. Your bite misses the iguana.
The iguana is lightly wounded.
The iguana closely misses you.
You hit the iguana but do no damage. Your bite misses the iguana.
The iguana is lightly wounded.
The iguana bites you.
Ouch! That really hurt!
* * * LOW HITPOINT WARNING * * *
You closely miss the iguana.
The iguana is lightly wounded.
The iguana bites you.
Ouch! That really hurt!
You die...

.#>...)......#
.#............
.#.#.#####.... ##.#.#
### #### ##.#.####
...### ........#
..... ..#####.#######
...#
..#...........###l..#
..#...#....##.##@...#
###....##........####
⌠.##'##.⌠#.....###
...............#
#.......#####..#
#...........#..#
+..._...+...#.##
#.......#...#[#
#.......#.###.#


You could see an iguana.

Vanquished Creatures
  An ice beast (D:3)
  2 black bears
  A scorpion (D:4)
  Crazy Yiuf (D:2)
  A sleepcap (D:4)
  An iguana (D:5)
  An orc wizard (D:4)
  4 gnolls (D:2)
  5 adders
  An ufetubus (D:4)
  3 worms
  A dart slug (D:3)
  8 orcs
  9 ball pythons
  5 endoplasms
  4 giant cockroaches
  9 goblins
  8 hobgoblins
  4 jackals (D:4)
  3 quokkas
  5 bats
  4 frilled lizards (D:1)
  8 kobolds
  3 rats
92 creatures vanquished.

Notes
Turn   | Place    | Note
-------+----------+-------------------------------------------
     0 | D:1      | Gargoyl the Gargoyle Berserker began the quest for the Orb.
     0 | D:1      | Reached XP level 1. HP: 14/14 MP: 1/1
   128 | D:1      | Reached XP level 2. HP: 19/19 MP: 2/2
   570 | D:1      | Found a faded altar of an unknown god.
   744 | D:1      | Reached XP level 3. HP: 22/24 MP: 3/3
  1058 | D:1      | Found Quphe's Distillery.
  1195 | D:2      | Gained mutation: You have very sharp teeth. [potion of
                  | mutation]
  1195 | D:2      | Gained mutation: You are strong-willed. (Will+) [potion of
                  | mutation]
  1195 | D:2      | Gained mutation: Your spells are a little easier to cast,
                  | but a little less powerful. [potion of mutation]
  1207 | D:2      | Found Unuus's Jewellery Boutique.
  1290 | D:2      | Reached ** piety under Trog
  1369 | D:2      | Reached XP level 4. HP: 29/29 MP: 4/4
  1445 | D:2      | Found Qealeerr's General Store.
  1703 | D:2      | Found a runed translucent door.
  1704 | D:2      | Noticed Crazy Yiuf
  2043 | D:2      | Found Kubolob's Jewellery Boutique.
  2214 | D:2      | Killed Crazy Yiuf
  2215 | D:2      | Reached XP level 5. HP: 28/34 MP: 5/5
  2337 | D:3      | Found a faded altar of an unknown god.
  2358 | D:3      | Found a glowing silver altar of Zin.
  2496 | D:3      | Noticed an ice beast
  2506 | D:3      | Killed an ice beast
  2507 | D:3      | Reached skill level 1 in Staves
  2507 | D:3      | Reached skill level 1 in Stealth
  2507 | D:3      | Reached XP level 6. HP: 29/39 MP: 6/6
  3460 | D:4      | Found a burning altar of Makhleb.
  3490 | D:4      | Found a staircase to the Ecumenical Temple.
  3575 | D:4      | Noticed a black bear
  3581 | D:4      | Killed a black bear
  3624 | D:4      | Found a radiant altar of Vehumet.
  3767 | D:4      | Reached XP level 7. HP: 44/44 MP: 7/7
  3961 | D:5      | Entered Level 5 of the Dungeon
  3998 | D:5      | Found a broken altar of Ashenzari.
  4096 | D:5      | Slain by an iguana

Illustrated notes

Levels and vault maps discovered:
D:1:      dpeg_arrival_tiny_i, layout_basic, serial_curves, eino_curves_04,
          eino_curves_04, eino_curves_04, eino_curves_01,
          basic_ecumenical_altar, serial_shops, shop
D:2:      layout_basic, serial_shops, nicolae_shop_tiny_real_fake_doors, shop,
          shop, uniq_crazy_yiuf_cottage
D:3:      layout_basic, nicolae_overflow_ecumenical_swirl
D:4:      layout_rooms, mainiacjoe_overflow_brackets,
          mainiacjoe_overflow_alcove_4, minmay_temple_entry_glassed_door
D:5:      layout_basic, evilmike_ruin_ashenzari

Skill      XL: |  1  2  3  4  5  6 |
---------------+-------------------+-----
Axes           | 3 4 |  4.5
Fighting       | 4 |  4.9
Dodging        | 2 |  2.9
Staves         | 1 3 |  3.8
Stealth        | 1 |  1.3
Armour         | 3 |  3.2
Shapeshifting  | |  0.2

Action                     |  1- 3 |  4- 6 |  7- 9 || total
---------------------------+-------+-------+-------++-------
  Melee: Hand axe          |   103 |    44 |       ||   147
         Bite              |       |    10 |     8 ||    18
         Punch             |       |     1 |       ||     1
         Quarterstaff      |       |    87 |    29 ||   116
         Unarmed           |       |       |     3 ||     3
 Invoke: Berserk           |     1 |     2 |     1 ||     4
    Use: Scroll            |     4 |     3 |     2 ||     9
         Potion            |     1 |       |       ||     1
 Armour: Animal skin       |    31 |    12 |       ||    43
         Ring mail         |       |    57 |    13 ||    70
  Dodge: Dodged            |    70 |    81 |    29 ||   180
         Form:             |     1 |       |       ||     1
         Beast             |     1 |       |       ||     1
         Blade             |       |       |     1 ||     1

Table legend: (Time is in decaauts)
 A = Elapsed time spent in this place.
 B = Non-inter-level travel time spent in this place.
 C = Inter-level travel time spent in this place.
 D = Time resting spent in this place.
 E = Time spent auto-exploring this place.
 F = Levels seen in this place.
 G = Mean time per level.
                   A        B        C        D        E       F      G
               +--------+--------+--------+--------+--------+-----+--------+
         Total |   4176 |   3977 |    199 |      0 |   3013 |   5 |  835.2 |
       Dungeon |   4176 |   3977 |    199 |      0 |   3013 |   5 |  835.2 |
               +--------+--------+--------+--------+--------+-----+--------+

Top non-repeatable levels by time:
     D:1: 1191 daAuts
     D:2: 1152 daAuts
     D:3: 1082 daAuts
     D:4: 612 daAuts
     D:5: 137 daAuts
